 Dungeon Crawl Stone Soup version 0.28-a0-863-g8cecda6153 (webtiles) character file.

Game seed: 15876057697120651451

2634 ytrimaz the Cleaver (level 9, -1/71 HPs)
             Began as a Formicid Fighter on Nov 17, 2021.
             Was a Follower of Jiyva.
             Slain by an orc warrior (13 damage)
             ... on level 7 of the Dungeon.
             The game lasted 00:07:07 (5978 turns).

ytrimaz the Cleaver (Formicid Fighter)              Turns: 5978, Time: 00:07:07

Health: -1/71      AC: 10    Str: 24    XL:     9   Next: 92%
Magic:  9/9        EV: 10    Int:  8    God:    Jiyva [*.....]
Gold:   303        SH:  4    Dex: 10    Spells: 8/8 levels left

rFire   . . .      SeeInvis +   s - +0 battleaxe
rCold   . . .      Faith    .   c - +0 buckler
rNeg    . . .      Spirit   .   b - +0 scale mail
rPois   .          Reflect  .   (helmet unavailable)
rElec   .          Harm     .   g - +0 cloak
rCorr   .          Rampage  .   (no gloves)
Will    .....                   r - +0 pair of boots
Stlth   ..........              j - amulet of regeneration
HPRegen 1.21/turn               (no ring)
MPRegen 0.11/turn               (no ring)

@: no status effects
A: permanent stasis, dig shafts and tunnels, antennae 3, four strong arms
a: Dig, Shaft Self, Renounce Religion, Request Jelly


You were on level 7 of the Dungeon.
You worshipped Jiyva.
Jiyva was aware of your devotion.
You visited 2 branches of the dungeon, and saw 8 of its levels.

You collected 303 gold pieces.

Inventory:

Hand Weapons
 a - a +0 war axe
 s - a +0 battleaxe (weapon)
Missiles
 m - 5 boomerangs (quivered)
 n - a throwing net
Armour
 b - a +0 scale mail (worn)
 c - a +0 buckler (worn)
 g - a +0 cloak (worn)
 r - a +0 pair of boots (worn)
Jewellery
 j - an amulet of regeneration (around neck)
 o - a +6 ring of intelligence
 t - an amulet of magic regeneration
Wands
 i - a wand of iceblast (7)
 l - a wand of paralysis (10)
 q - a wand of flame (15)
Scrolls
 e - a scroll of amnesia
 h - 2 scrolls of identify
 p - a scroll of teleportation {unknown}
 u - a scroll of fear {unknown}
Potions
 d - 2 potions of lignification
 f - 3 potions of heal wounds
 k - a potion of curing


   Skills:
 * Level 6.6 Fighting
 + Level 9.6 Axes
 * Level 2.6 Throwing
 * Level 7.2 Armour
 - Level 4.3 Shields


You had 8 spell levels left.
You didn't know any spells.
Your spell library contained the following spells:

 Spells                   Type           Power      Damage    Failure   Level
 Beastly Appendage        Tmut           0%         N/A       67%         1
 Wereblood                Tmut           0%         N/A       82%         2
 Spider Form              Tmut/Pois      0%         N/A       96%         3


Dungeon Overview and Level Annotations

Branches:
Dungeon (7/15)             Temple (1/1) D:6

Altars:
Ashenzari
Dithmenos
Elyvilon
Gozag
Hepliaklqana
Kikubaaqudgha
Makhleb
Okawaru
Qazlal
Ru
Sif Muna
Trog
Vehumet
Wu Jian
Xom
Zin
The Shining One
Jiyva
Lugonu

Portals:
Abyss: D:4

Annotations:
D:4 3 runed translucent doors, Crazy Yiuf


Innate Abilities, Weirdness & Mutations

You cannot be hasted, slowed, berserked, paralysed or teleported.
You can dig through walls and to a lower floor.
You have a pair of large antennae on your head. (SInv)
Your four strong arms can wield two-handed weapons with a shield.


Message History

You are too injured to fight recklessly!
You are too injured to fight recklessly!
You are too injured to fight recklessly!
You are too injured to fight recklessly!
You are too injured to fight recklessly!
You are too injured to fight recklessly!
You are too injured to fight recklessly!
You are too injured to fight recklessly!
You are too injured to fight recklessly!
You are too injured to fight recklessly!
You are too injured to fight recklessly!
An orc warrior is nearby!
You barely miss the orc warrior.
The orc warrior is severely wounded.
The orc warrior hits you with a +3 vorpal scimitar!
* * * LOW HITPOINT WARNING * * *
x2 The orc warrior hits you with a +3 vorpal scimitar!
* * * LOW HITPOINT WARNING * * *
x2 You closely miss the orc warrior.
The orc warrior is severely wounded.
The orc warrior barely misses you.
You hear a distant slurping noise.
Jiyva appreciates your sacrifice.
You completely miss the orc warrior.
The orc warrior is severely wounded.
The orc warrior closely misses you.
Unknown command.
You feel much better.
The orc warrior hits you with a +3 vorpal scimitar.
You hit the orc warrior.
The orc warrior is almost dead.
The orc warrior hits you with a +3 vorpal scimitar!
* * * LOW HITPOINT WARNING * * *
x2 You barely miss the orc warrior.
The orc warrior is almost dead.
You block the orc warrior's attack.
You barely miss the orc warrior.
The orc warrior is almost dead.
The orc warrior hits you with a +3 vorpal scimitar!
You die...

#............##
#............##
#............##
#.............#
......^....##.##
.........####..#
.......### ##.##
.....### ##..###
#...@o#
#...##)......
#..### ###....
...# ##. ...#
###


You could see an orc warrior.

Vanquished Creatures
  Pikel (D:4)
  Grinder (D:4)
  Sigmund (D:3)
  2 water moccasins
  2 black bears
  A necrophage (D:6)
  2 ogres
  A centaur (D:5)
  A phantom (D:4)
  A scorpion (D:5)
  A water moccasin zombie (D:4)
  3 orc priests
  3 hounds
  2 centaur zombies
  A centaur skeleton (D:6)
  An iguana (D:5)
  2 orc wizards
  2 killer bee zombies
  A hound zombie (D:5)
  3 gnolls (D:5)
  A howler monkey skeleton (D:6)
  3 adders
  A shadow imp (D:4)
  2 white imps (D:7)
  An ufetubus (D:5)
  An adder skeleton (D:4)
  4 dart slugs
  18 orcs
  7 ball pythons
  5 endoplasms
  5 giant cockroaches
  6 goblins
  3 hobgoblins
  3 jackals (D:1)
  5 kobolds
  5 quokkas
  5 bats
  A frilled lizard (D:1)
  6 rats
114 creatures vanquished.

Vanquished Creatures (others)
  A necrophage (D:6)
  An orc warrior (D:6)
  5 jellies (D:6)
  An orc wizard (D:6)
  An adder (D:6)
  A white imp (D:6)
  3 orcs (D:6)
  14 plants (D:6)
27 creatures vanquished.

Grand Total: 141 creatures vanquished

Notes
Turn   | Place    | Note
-------+----------+-------------------------------------------
     0 | D:1      | ytrimaz the Formicid Fighter began the quest for the Orb.
     0 | D:1      | Reached XP level 1. HP: 18/18 MP: 1/1
    80 | D:1      | Reached XP level 2. HP: 9/24 MP: 2/2
   375 | D:1      | You fall into a shaft and drop 1 floor!
   469 | D:1      | Reached XP level 3. HP: 24/29 MP: 3/3
  1198 | D:2      | Reached skill level 3 in Axes
  1198 | D:2      | Reached XP level 4. HP: 37/37 MP: 4/4
  2098 | D:3      | Noticed Sigmund
  2119 | D:3      | Killed Sigmund
  2120 | D:3      | Reached skill level 4 in Axes
  2120 | D:3      | Reached XP level 5. HP: 33/42 MP: 5/5
  2120 | D:3      | Reached XP level 6. HP: 37/48 MP: 6/6
  2244 | D:3      | Noticed an ogre
  2252 | D:3      | Killed an ogre
  2253 | D:3      | Reached skill level 5 in Axes
  2710 | D:4      | Found a shimmering blue altar of Sif Muna.
  2854 | D:4      | Found a snail-covered altar of Cheibriados.
  2854 | D:4      | Found a shimmering altar of Xom.
  2857 | D:4      | Noticed Pikel
  2898 | D:4      | Found a shimmering altar of Xom.
  2898 | D:4      | Found a shimmering blue altar of Sif Muna.
  2899 | D:4      | Found a shadowy altar of Dithmenos.
  2955 | D:4      | Killed Pikel
  2956 | D:4      | Reached skill level 7 in Axes
  2956 | D:4      | Reached skill level 5 in Armour
  2956 | D:4      | Reached XP level 7. HP: 38/55 MP: 7/7
  2956 | D:4      | Reached XP level 8. HP: 42/61 MP: 8/8
  3038 | D:4      | Found a large runed translucent door.
  3039 | D:4      | Found a large runed translucent door.
  3241 | D:4      | Found a corrupted altar of Lugonu.
  3400 | D:4      | Found a runed translucent door.
  3401 | D:4      | Noticed Crazy Yiuf
  3543 | D:4      | Found an ornate altar of the Wu Jian Council.
  3589 | D:4      | Noticed Grinder
  3598 | D:4      | Killed Grinder
  3599 | D:4      | Reached skill level 8 in Axes
  3610 | D:4      | Reached skill level 5 in Fighting
  3698 | D:4      | Found a one-way gate to the infinite horrors of the Abyss.
  4015 | D:5      | Entered Level 5 of the Dungeon
  4084 | D:5      | Reached XP level 9. HP: 35/68 MP: 9/9
  4274 | D:5      | Reached skill level 1 in Throwing
  4275 | D:5      | You fall into a shaft and drop 2 floors!
  4315 | D:6      | Found a staircase to the Ecumenical Temple.
  4363 | D:6      | Found a hazy altar of Hepliaklqana.
  4378 | Temple   | Entered the Ecumenical Temple
  4532 | Temple   | Became a worshipper of Jiyva Jeonk the Shapeless
  4660 | D:6      | Reached skill level 9 in Axes
  5166 | D:5      | Reached * piety under Jiyva
  5576 | D:6      | Found a radiant altar of Vehumet.
  5605 | D:6      | Found a white marble altar of Elyvilon.
  5704 | D:6      | Found an iron altar of Okawaru.
  5972 | D:7      | HP: 3/71 [orc warrior (3)]
  5978 | D:7      | Slain by an orc warrior

Illustrated notes

Levels and vault maps discovered:
D:1:      amcnicky_arrival_feature_with_door, layout_basic, minivault_23
D:2:      layout_basic, hangedman_abyss_or_decor_lesser_grid
D:3:      layout_basic, bh_walls_and_bars, uniq_sigmund
D:4:      due_chaos_kobolds, layout_loops_corners, doesnt_xom_only_xom,
          nicolae_wu_jian_glorious_leap, uniq_crazy_yiuf_cottage, uniq_grinder,
          uniq_pikel
D:5:      layout_basic
D:6:      kennysheep_spiral_hall, layout_basic,
          nicolae_hepliaklqana_hazy_memory, mainiacjoe_overflow_two_lobes,
          mainiacjoe_overflow_alcove_1, minmay_temple_entry_grid,
          minmay_misc_feat_enclosed
D:7:      layout_cave_pods
Temple:   pf_slime_end_temple

Skill      XL: |  1  2  3  4  5  6  7  8  9 |
---------------+----------------------------+-----
Shields        | 4 |  4.3
Axes           | 3 4 7 8 9 |  9.6
Fighting       | 4 5 6 |  6.6
Armour         | 4 5 7 |  7.2
Throwing       | 2 |  2.6

Action                   |  1- 3 |  4- 6 |  7- 9 || total
-------------------------+-------+-------+-------++-------
Melee: War axe           |    85 |    85 |   199 ||   369
       Battleaxe         |       |       |    26 ||    26
Throw: Boomerang         |       |       |     4 ||     4
 Abil: Dig               |       |     4 |       ||     4
  Use: Scroll            |     1 |     2 |     5 ||     8
       Potion            |       |     2 |     1 ||     3
Armor: Scale mail        |    44 |    32 |   129 ||   205
Dodge: Dodged            |    43 |    58 |   118 ||   219
Block: Buckler           |    26 |    18 |    55 ||    99

Table legend: (Time is in decaauts)
 A = Elapsed time spent in this place.
 B = Non-inter-level travel time spent in this place.
 C = Inter-level travel time spent in this place.
 D = Time resting spent in this place.
 E = Time spent auto-exploring this place.
 F = Levels seen in this place.
 G = Mean time per level.
                   A        B        C        D        E       F      G
               +--------+--------+--------+--------+--------+-----+--------+
         Total |   6059 |   5797 |    262 |    189 |   4427 |   8 |  757.4 |
       Dungeon |   5890 |   5641 |    249 |    189 |   4301 |   7 |  841.4 |
        Temple |    168 |    155 |     13 |      0 |    126 |   1 |  168.0 |
               +--------+--------+--------+--------+--------+-----+--------+

Top non-repeatable levels by time:
     D:4: 1338 daAuts
     D:6: 1043 daAuts
     D:2: 978 daAuts
     D:1: 932 daAuts
     D:3: 832 daAuts
     D:5: 626 daAuts
  Temple: 168 daAuts
     D:7: 138 daAuts
